 Dungeon Crawl Stone Soup version 0.29.1-15-g9cfb28693d (webtiles) character file.

Game seed: 10883939798950701499

247 EarthwalkerPL the Trooper (level 5, -4/48 HPs)
             Began as a Minotaur Fighter on Apr 9, 2023.
             Slain by a gnoll
             ... wielding a +0 club
              (7 damage)
             ... on level 4 of the Dungeon.
             The game lasted 00:04:19 (3390 turns).

EarthwalkerPL the Trooper (Minotaur Fighter)        Turns: 3390, Time: 00:04:20

Health: -4/48      AC:  8    Str: 22    XL:     5   Next: 85%
Magic:  4/4        EV:  9    Int:  5    God:
Gold:   109        SH:  7    Dex: 10    Spells: 4/4 levels left

rFire   . . .      SeeInvis .   a - +0 war axe
rCold   + . .      Faith    .   s - +3 buckler of Hithial {rC+}
rNeg    . . .      Spirit   .   b - +0 scale mail
rPois   +          Reflect  .   (helmet restricted)
rElec   .          Harm     .   j - +0 cloak
rCorr   .          Rampage  .   (no gloves)
Will    .....                   (no boots)
Stlth   ..........              (no amulet)
HPRegen 0.16/turn               c - ring of poison resistance
MPRegen 0.09/turn               (no ring)

@: no status effects
A: horns 2, retaliatory headbutt
a: no special abilities


You were on level 4 of the Dungeon.
You visited 1 branch of the dungeon, and saw 4 of its levels.

You collected 109 gold pieces.

Inventory:

Hand Weapons
 a - a +0 war axe (weapon)
Missiles
 u - 5 poisoned darts (quivered)
Armour
 b - a +0 scale mail (worn)
 j - a +0 cloak (worn)
 s - the +3 buckler of Hithial (worn) {rC+}
   (You found it on level 2 of the Dungeon)

   rC:        It protects you from cold.
Jewellery
 c - a ring of poison resistance (left hand)
 l - a ring of ice
 y - an amulet of magic regeneration
Wands
 A - a wand of paralysis (6)
Scrolls
 k - a scroll of enchant armour {unknown}
 o - a scroll of identify {unknown}
 q - a scroll of torment {unknown}
 t - a scroll of enchant weapon {unknown}
 w - a scroll of amnesia {unknown}
 x - a scroll of summoning {unknown}
Potions
 d - 3 potions of might
 e - 3 potions of resistance {unknown}
 f - 2 potions of magic {unknown}
 g - a potion of berserk rage {unknown}
 h - a potion of ambrosia {unknown}
 i - 2 potions of flight {unknown}
 m - a potion of invisibility {unknown}
 n - a potion of haste {unknown}
 p - 2 potions of degeneration {unknown}
 r - a potion of curing {unknown}
 v - a potion of mutation {unknown}
 z - a potion of heal wounds {unknown}


   Skills:
 * Level 5.2 Fighting
 * Level 4.5 Axes
 * Level 5.2 Armour
 + Level 4.4 Shields


You had 4 spell levels left.
You didn't know any spells.
Your spell library contained the following spells:

 Spells                   Type           Power      Damage    Failure   Level
 Confusing Touch          Hex            0%         N/A       99%         3
 Yara's Violent Unravell  Hex/Tmut       0%         3d3       100%        5
 Enfeeble                 Hex            0%         N/A       100%        7


Dungeon Overview and Level Annotations

Branches:
Dungeon (4/15)
 Temple: D:4-7

Altars:
Kikubaaqudgha
The Shining One


Innate Abilities, Weirdness & Mutations

You have a pair of horns on your head.
You reflexively headbutt those who attack you in melee.


Message History

The gnoll is moderately wounded.
You hit the gnoll. x2; The gnoll hits you with a +0 spear.
The gnoll hits you but does no damage. x2; The gnoll misses you.
The gnoll hits you with a +0 club.
The gnoll hits you from afar with a +0 spear.
The gnoll closely misses you. You furiously retaliate!
You headbutt the gnoll. The gnoll closely misses you.
You barely miss the gnoll.
The gnoll is heavily wounded.
You hit the gnoll but do no damage. You barely miss the gnoll.
The gnoll hits you with a +0 spear. The gnoll closely misses you.
The gnoll hits you with a +0 club. You block the gnoll's attack.
You are too injured to fight recklessly!
Unknown command.
You closely miss the gnoll. Your headbutt misses the gnoll.
The gnoll is heavily wounded.
You barely miss the gnoll. You hit the gnoll. You block the gnoll's attack.
The gnoll hits you with a +0 club. You block the gnoll's attack. x2
Unknown command.
You hit the gnoll.
The gnoll is severely wounded.
You slash the gnoll! You hit the gnoll. The gnoll closely misses you.
The gnoll hits you but does no damage. You block the gnoll's attack.
The gnoll hits you from afar with a +0 spear!
* * * LOW HITPOINT WARNING * * *
The gnoll hits you with a +0 club.
* * * LOW HITPOINT WARNING * * *
The gnoll hits you with a +0 club.
* * * LOW HITPOINT WARNING * * *
The gnoll hits you with a +0 spear.
* * * LOW HITPOINT WARNING * * *
The gnoll barely misses you. The gnoll attacks as you move away!
The gnoll hits you but does no damage. The gnoll attacks as you move away!
The gnoll barely misses you. You furiously retaliate!
You headbutt the gnoll, but do no damage.
The gnoll attacks as you move away!
The gnoll hits you but does no damage. x2
The gnoll attacks as you move away! The gnoll misses you.
The gnoll attacks as you move away! The gnoll hits you with a +0 club!
You die...

#.#...##
#......###
##........
#.......# #.. #
#......g# #.# ...
#...###g# #.# #...
## #g# #.# #..#
#g# #.# #... #@#
#.# #).# #.# #.#
#..# #.#
#.#########...
#.###............#
#........######..#
###############..#
.........#
########.# #..


You could see 4 gnolls.

Vanquished Creatures
  A scorpion (D:2)
  Ijyb (D:4)
  An orc wizard (D:3)
  A gnoll (D:1)
  5 adders
  A worm (D:3)
  A dart slug (D:2)
  4 orcs (D:3)
  9 bats
  7 endoplasms
  2 giant cockroaches (D:1)
  4 goblins
  6 hobgoblins
  4 jackals (D:2)
  5 quokkas
  8 ball pythons
  3 frilled lizards
  8 kobolds
  7 rats
78 creatures vanquished.

Vanquished Creatures (others)
  16 fungi (D:3)
  4 plants (D:2)
  4 withered plants (D:3)
24 creatures vanquished.

Grand Total: 102 creatures vanquished

Notes
Turn   | Place    | Note
-------+----------+-------------------------------------------
     0 | D:1      | EarthwalkerPL the Minotaur Fighter began the quest for the
                  | Orb.
     0 | D:1      | Reached XP level 1. HP: 19/19 MP: 0/0
   145 | D:1      | Reached XP level 2. HP: 13/27 MP: 1/1
   517 | D:1      | Reached XP level 3. HP: 33/33 MP: 2/2
  1045 | D:2      | Noticed a scorpion
  1050 | D:2      | Killed a scorpion
  1051 | D:2      | Reached XP level 4. HP: 24/41 MP: 3/3
  1832 | D:2      | Identified the +3 buckler of Hithial {rC+}
  1894 | D:2      | Reached XP level 5. HP: 43/47 MP: 4/4
  2514 | D:3      | Reached skill level 5 in Fighting
  2514 | D:3      | Reached skill level 5 in Armour
  2713 | D:3      | Found a glowing golden altar of the Shining One.
  3104 | D:3      | Found a faded altar of an unknown god.
  3144 | D:3      | Found an ancient bone altar of Kikubaaqudgha.
  3230 | D:4      | Noticed Ijyb
  3233 | D:4      | Paralysed by Ijyb for 3 turns
  3239 | D:4      | Paralysed by Ijyb for 3 turns
  3248 | D:4      | Killed Ijyb
  3385 | D:4      | HP: 2/48 [gnoll/+0 spear (3)]
  3390 | D:4      | Slain by a gnoll

Illustrated notes

Levels and vault maps discovered:
D:1:      tarquinn_simple_flora_water_f, layout_loops_ring,
          minmay_tree_intersection, dk_noncrumbling_4, minmay_box_of_dots
D:2:      layout_loops_corners, serial_bayou, serial_bayou_shore_b,
          serial_bayou_pond_a, serial_bayou_pond_d, serial_bayou_ford_a,
          minmay_shallow_snake_nest
D:3:      layout_basic, mainiacjoe_overflow_chevrons, kiku_gazebo_garden_becter,
          chequers_ecumenical_altar_lobes, st_stairs_14
D:4:      layout_loops_ring, kennysheep_small_square, uniq_duvessa, uniq_ijyb

Skill      XL: |  1  2  3  4  5 |
---------------+----------------+-----
Fighting       | 4 5 |  5.2
Axes           | 3 4 |  4.5
Armour         | 4 5 |  5.2
Shields        | 4 |  4.4

Action                   |  1- 3 |  4- 6 || total
-------------------------+-------+-------++-------
Melee: War axe           |    63 |   127 ||   190
       Headbutt          |     6 |    10 ||    16
Armor: Scale mail        |    29 |    66 ||    95
Dodge: Dodged            |    36 |    49 ||    85
Block: Buckler           |    13 |    36 ||    49
